 Dungeon Crawl Stone Soup version 0.29.1-12-g30fa7ad0bf (webtiles) character file.

Game seed: 6038321719055444319

107 mopl the Sneak (level 4, -5/29 HPs)
             Began as an Octopode Brigand on Dec 29, 2022.
             Slain by Sigmund
             ... wielding a +0 scythe
              (9 damage)
             ... on level 3 of the Dungeon.
             The game lasted 00:02:28 (2475 turns).

mopl the Sneak (Octopode Brigand)                   Turns: 2475, Time: 00:02:28

Health: -5/29      AC:  1    Str: 10    XL:     4   Next: 85%
Magic:  4/4        EV: 17    Int: 15    God:
Gold:   93         SH:  0    Dex: 13    Spells: 3/3 levels left

rFire   . . .      SeeInvis .   a - +2 dagger
rCold   . . .      Faith    .   (no shield)
rNeg    . . .      Spirit   .   (helmet restricted)
rPois   .          Reflect  .   (no amulet)
rElec   .          Harm     .   k - +4 ring of evasion
rCorr   .          Rampage  .   (no ring)
Will    .....                   (no ring)
Stlth   ++++......              (no ring)
HPRegen 0.09/turn               (no ring)
MPRegen 0.09/turn               (no ring)
                                (no ring)
                                (no ring)

@: no status effects
A: almost no armour, amphibious, 8 rings, camouflage 1, gelatinous body 1,
(nimble swimmer 1), tentacles
a: no special abilities


You were on level 3 of the Dungeon.
You visited 1 branch of the dungeon, and saw 3 of its levels.

You collected 191 gold pieces.
You spent 98 gold pieces at shops.

Inventory:

Hand Weapons
 a - a +2 dagger (weapon)
Missiles
 b - 11 poisoned darts (quivered)
 c - 2 curare-tipped darts
Magical Staves
 m - a staff of air
Jewellery
 k - a +4 ring of evasion (left tentacle)
Wands
 l - a wand of flame (9)
Scrolls
 d - 3 scrolls of identify {unknown}
 e - 3 scrolls of teleportation
 f - a scroll of blinking {unknown}
 h - a scroll of vulnerability {unknown}
 i - 2 scrolls of noise {unknown}
 j - 2 scrolls of fear
Potions
 g - a potion of magic {unknown}


   Skills:
 - Level 2.0 Fighting
 + Level 3.0 Short Blades
 + Level 2.9 Throwing
 + Level 2.2 Dodging
 + Level 6.2 Stealth


You had 3 spell levels left.
You didn't know any spells.
Your spell library was empty.

Dungeon Overview and Level Annotations

Branches:
Dungeon (3/15)

Altars:

Shops:
D:2 [?

Annotations:
D:3 Sigmund


Innate Abilities, Weirdness & Mutations

You cannot wear most types of armour.
You are amphibious.
You can wear up to eight rings at the same time.
Your skin changes colour to match your surroundings (Stealth+).
Your rubbery body absorbs attacks. (AC +1, EV +1)
((You are camouflaged when in or above water. (Stealth+)))
You have tentacles for arms and can constrict up to eight enemies at once.


Message History

You constrict Ijyb, but do no damage. Ijyb hits you with a +0 dagger.
Throw: 13 darts (poison)
Press: ? - help, Q - select action, (/) - cycle Shift-Dir - straight line, f/p - Ijyb
Aim: Ijyb, wielding a +0 dagger, wearing a +0 ring mail and carrying a wand of paralysis (6) (lightly wounded, constricted by you, 89% to hit)
You throw a poisoned dart. The poisoned dart hits Ijyb.
Ijyb is poisoned.
Ijyb is lightly wounded.
You constrict Ijyb, but do no damage. Sigmund misses you.
Ijyb closely misses you.
Throw: 12 darts (poison)
Press: ? - help, Q - select action, (/) - cycle Shift-Dir - straight line, f/p - Ijyb
Aim: Ijyb, wielding a +0 dagger, wearing a +0 ring mail and carrying a wand of paralysis (6) (moderately wounded, constricted by you, poisoned, 89% to hit)
You throw a poisoned dart. The poisoned dart hits Ijyb.
Ijyb is moderately wounded.
You constrict Ijyb, but do no damage. Ijyb hits you with a +0 dagger.
You hit Ijyb but do no damage.
You tentacle-slap Ijyb, but do no damage.
You squeeze Ijyb!
Ijyb is heavily wounded.
You constrict Ijyb, but do no damage.
Sigmund mumbles some strange words.
Sigmund flickers and vanishes!
Deactivating autopickup; reactivate with Ctrl-A.
Unknown command.
You hit Ijyb but do no damage.
Ijyb is heavily wounded.
You constrict Ijyb. Ijyb hits you with a +0 dagger.
Something barely misses you.
You hit Ijyb but do no damage. You squeeze Ijyb.
Ijyb is almost dead.
You constrict Ijyb.
Ijyb zaps a wand.
You suddenly lose the ability to move!
You lose your grip on Ijyb.
You kill Ijyb!
Something hits you.
Your Short Blades skill increases to level 3!
Something hits you!
* * * LOW HITPOINT WARNING * * *
You can move again.
There is a stone staircase leading up here.
Something hits you!
You die...

### #...# .....(.
..###########...##.......
#.#..............#.......
#.#........##....#.......
#.#........##....#.......
..#........##....#.......
.................)......>
###........##....#.......
# ########.#....@#B......
# #.#....##...###. #
........ ..... # ........
...### # ....... #### #
....... # ....... #
....... #


There were no monsters in sight!

Vanquished Creatures
  Ijyb (D:3)
  Terence (D:3)
  An adder (D:2)
  A worm (D:2)
  3 dart slugs
  A bat (D:1)
  3 endoplasms
  5 giant cockroaches
  5 goblins
  4 hobgoblins
  3 quokkas
  3 ball pythons
  4 frilled lizards
  3 kobolds
  4 rats
  A bush (D:2)
43 creatures vanquished.

Notes
Turn   | Place    | Note
-------+----------+-------------------------------------------
     0 | D:1      | mopl the Octopode Brigand began the quest for the Orb.
     0 | D:1      | Reached XP level 1. HP: 14/14 MP: 1/1
   143 | D:1      | Reached XP level 2. HP: 18/19 MP: 2/2
   254 | D:1      | Found a faded altar of an unknown god.
   796 | D:2      | Reached XP level 3. HP: 24/24 MP: 3/3
   808 | D:2      | Found Lag Xiph's Magic Scroll Shop.
   963 | D:2      | Bought a scroll of fear for 56 gold pieces
   963 | D:2      | Bought a scroll of teleportation for 42 gold pieces
  1152 | D:2      | Found Jikirari's Antique Armour Emporium.
  2057 | D:3      | Reached XP level 4. HP: 29/29 MP: 4/4
  2072 | D:3      | Noticed Terence
  2220 | D:3      | Killed Terence
  2221 | D:3      | Reached skill level 2 in Dodging
  2221 | D:3      | Reached skill level 6 in Stealth
  2458 | D:3      | Noticed Sigmund
  2458 | D:3      | Noticed Ijyb
  2470 | D:3      | Paralysed by Ijyb for 3 turns
  2471 | D:3      | Killed Ijyb
  2472 | D:3      | Reached skill level 3 in Short Blades
  2475 | D:3      | Slain by Sigmund

Illustrated notes

Levels and vault maps discovered:
D:1:      dpeg_arrival_long_road, layout_basic,
          hellmonk_ecumenical_altar_leap_of_faith, corexii_hall_statues_u,
          minmay_misc_feat_room, minmay_misc_feat_chi,
          amcnicky_mini_rare_corridor_liquid
D:2:      layout_loops_cross, serial_forest, infiniplex_forest_clump_medium,
          infiniplex_forest_clump_long, infiniplex_forest_clump_double,
          infiniplex_forest_end_3, infiniplex_forest_end_2, serial_shops, shop,
          shop, minivault_14
D:3:      layout_basic, overflow_temple_1_default, serial_shops, shop,
          uniq_terence, uniq_sigmund, uniq_ijyb

Skill      XL: |  1  2  3  4 |
---------------+-------------+-----
Dodging        | 2 |  2.2
Stealth        | 6 |  6.2
Short Blades   | 3 |  3.0
Fighting       | |  2.0
Throwing       | |  2.9

Action                   |  1- 3 |  4- 6 || total
-------------------------+-------+-------++-------
Melee: Dagger            |   163 |    13 ||   176
       Tentacles         |    40 |     8 ||    48
       Constrict         |    16 |     3 ||    19
       Punch             |     2 |     1 ||     3
Throw: Dart              |       |     6 ||     6
 Stab: Sleeping          |    13 |     1 ||    14
Armor: Skin              |     2 |       ||     2
Dodge: Dodged            |    18 |    10 ||    28
